 Dungeon Crawl Stone Soup version 0.30.0-29-ga12c61a403 (webtiles) character file.

Game seed: 1944907014920685947

207426 BONEBRO the Impregnable (level 18, -7/161 HPs)
             Began as a Hill Orc Fighter on June 15, 2023.
             Was the Champion of Beogh.
             Mangled by a tengu warrior simulacrum (9 damage)
             ... on level 3 of the Depths.
             The game lasted 03:21:13 (35898 turns).

BONEBRO the Impregnable (Hill Orc Fighter)         Turns: 35898, Time: 03:21:14

Health: -7/161     AC: 33    Str: 27    XL:     18   Next: 75%
Magic:  18/25      EV:  8    Int:  8    God:    Beogh [******]
Gold:   5052       SH: 14    Dex: 10    Spells: 17/17 levels left

rFire   + + .        S - +8 war axe (freeze)
rCold   + + .        G - +2 shield of Resistance {rF++ rC++ Will++}
rNeg    . . .        B - +0 plate armour
rPois   .            F - +1 helmet
rElec   .            y - +0 cloak
rCorr   .            n - +0 pair of gloves
SInv    .            (no boots)
Will    +++..        m - amulet of the acrobat Stlth
                     u - +4 ring of slaying
HPRegen 0.46/turn    U - +4 ring of protection
MPRegen 0.19/turn

%: acrobat
@: studying 2 skills
A: walk on water
}: 1/15 runes: decaying
a: Renounce Religion, Smiting, Recall Orcish Followers, Give Item to Named
Follower, Resurrection


You were on level 3 of the Depths.
You worshipped Beogh.
Beogh was exalted by your worship.
You visited 6 branches of the dungeon, and saw 32 of its levels.
You also visited: Sewer and Bailey.

You collected 5328 gold pieces.
You spent 276 gold pieces at shops.

Inventory:

Hand Weapons
 z - a +4 broad axe of flaming
 S - a +8 war axe of freezing (weapon)
Armour
 n - a +0 pair of gloves (worn)
 v - the +10 tower shield of Ignorance {rN+ Int-4}
   (You found it on level 2 of the Dungeon)

   Int:       It affects your intelligence (-4).
   rN:        It protects you from negative energy.
 w - +0 fire dragon scales
 y - a +0 cloak (worn)
 B - a +0 plate armour (worn)
 F - a +1 helmet (worn)
 G - the +2 shield of Resistance (worn) {rF++ rC++ Will++}
   (You found it on level 2 of the Swamp)

   rF:        It greatly protects you from fire.
   rC:        It greatly protects you from cold.
   Will:      It greatly increases your willpower.
 J - a +0 troll leather armour
 K - +0 steam dragon scales
 T - +0 swamp dragon scales
 X - +0 swamp dragon scales
Jewellery
 m - an amulet of the acrobat (around neck)
 u - a +4 ring of slaying (left hand)
 H - an amulet of regeneration
 N - a ring of fire
 P - a ring of magical power
 U - a +4 ring of protection (right hand)
 W - a ring of protection from cold
Wands
 d - a wand of roots (16)
 h - a wand of acid (18)
 o - a wand of digging (9)
 x - a wand of flame (73)
 I - a wand of mindburst (28)
 R - a wand of charming (38)
Scrolls
 b - 3 scrolls of enchant armour
 e - 3 scrolls of fog
 f - 3 scrolls of noise
 j - 8 scrolls of amnesia
 l - 3 scrolls of magic mapping
 p - 2 scrolls of teleportation
 q - 8 scrolls of fear
 r - 6 scrolls of poison
 s - 2 scrolls of silence
 E - 2 scrolls of brand weapon
 O - a scroll of identify
Potions
 a - 3 potions of attraction
 g - 5 potions of brilliance
 k - 3 potions of resistance
 t - 4 potions of flight
 A - 5 potions of cancellation
 C - 3 potions of magic
 L - 2 potions of ambrosia
Miscellaneous
 c - a piece from Xom's chessboard (15/15)
 Y - a phantom mirror
 Z - a lightning rod (4/4)


   Skills:
 + Level 14.4 Fighting
 - Level 16.0 Axes
 - Level 25.7 Armour
 + Level 14.8 Shields
 - Level 10.0 Invocations
 - Level 3.0 Evocations


You had 17 spell levels left.
You didn't know any spells.
Your spell library contained the following spells:

 Spells                   Type           Power      Damage    Failure   Level
 Apportation              Tloc           0%         N/A       90%         1
 Freeze                   Ice            0%         1d3       90%         1
 Kiss of Death            Conj/Necr      0%         2d5       90%         1
 Necrotise                Necr           0%         1d4       90%         1
 Shock                    Conj/Air       0%         1d3       90%         1
 Sting                    Tmut/Pois      0%         1d3       90%         1
 Summon Small Mammal      Summ           0%         N/A       90%         1
 Blink                    Tloc           0%         N/A       97%         2
 Cigotuvi's Dreadful Rot  Necr/Pois/Air  0%         N/A       97%         2
 Poisonous Vapours        Pois/Air       0%         N/A       97%         2
 Call Canine Familiar     Summ           0%         N/A       99%         3
 Confusing Touch          Hex            0%         N/A       99%         3
 Frozen Ramparts          Ice            0%         1d1       99%         3
 Hailstorm                Conj/Ice       0%         3d3       99%         3
 Inner Flame              Hex/Fire       0%         N/A       99%         3
 Ozocubu's Armour         Ice            0%         N/A       99%         3
 Portal Projectile        Hex/Tloc       0%         N/A       99%         3
 Swiftness                Air            0%         N/A       99%         3
 Tukima's Dance           Hex            0%         N/A       99%         3
 Airstrike                Air            0%         2d(0-16)  100%        4
 Cause Fear               Hex            0%         N/A       100%        4
 Dispel Undead            Necr           0%         3d6       100%        4
 Leda's Liquefaction      Hex/Erth       0%         N/A       100%        4
 Manifold Assault         Tloc           0%         N/A       100%        4
 Olgreb's Toxic Radiance  Pois           0%         N/A       100%        4
 Passage of Golubria      Tloc           0%         N/A       100%        4
 Alistair's Intoxication  Tmut/Pois      0%         N/A       100%        5
 Fireball                 Conj/Fire      0%         3d3       100%        5
 Iskenderun's Battlesphe  Conj           0%         2d6       100%        5
 Metabolic Englaciation   Hex/Ice        0%         N/A       100%        5
 Summon Forest            Summ/Tloc      0%         N/A       100%        5
 Summon Mana Viper        Hex/Summ       0%         N/A       100%        5
 Yara's Violent Unravell  Hex/Tmut       0%         3d3       100%        5
 Conjure Ball Lightning   Conj/Air       0%         3x3d6     100%        6
 Death Channel            Necr           0%         N/A       100%        6
 Simulacrum               Ice/Necr       0%         N/A       100%        6
 Summon Cactus Giant      Summ           0%         N/A       100%        6
 Dragon Form              Tmut           0%         N/A       100%        7
 Enfeeble                 Hex            0%         N/A       100%        7
 Orb of Destruction       Conj           0%         9d5       100%        7
 Ozocubu's Refrigeration  Ice            0%         4d7       100%        7
 Storm Form               Tmut/Air       0%         N/A       100%        7
 Necromutation            Tmut/Necr      0%         N/A       100%        8
 Dragon's Call            Summ           0%         N/A       100%        9
 Polar Vortex             Ice            0%         N/A       100%        9


Dungeon Overview and Level Annotations

Branches:
Dungeon (15/15)            Temple (0/1) D:4            Lair (5/5) D:11
  Swamp (4/4) Lair:3       Spider (0/4) Lair:3        Slime (0/5) Lair:4
    Orc (2/2) D:11            Elf (3/3) Orc:2        Vaults (0/5) D:13
 Depths (3/4) D:15          Sewer (visited)          Bailey (visited)

Altars:
Dithmenos
Elyvilon
Makhleb
Nemelex Xobeh
Qazlal
Ru
Sif Muna
Uskayaw
Xom
Zin
The Shining One
Beogh
Jiyva

Shops:
D:1 (   D:8 !   Orc:1 *   Orc:2 ([??   Depths:1 *

Portals:
Hell: Lair:5 Depths:1 Depths:2
Abyss: Depths:1
Pandemonium: Depths:2

Annotations:
Elf:2 3 runed translucent doors


Message History

The tengu warrior claws you but does no damage.
The tengu conjurer hits you with a +2 war axe of freezing.
* * * LOW HITPOINT WARNING * * *
The tengu conjurer pecks you but does no damage.
The tengu conjurer claws you but does no damage.
You slice the tengu conjurer!! You freeze the tengu conjurer.
You kill the tengu conjurer!
Beogh accepts your kill.
You slash the tengu warrior! You freeze the tengu warrior.
A freezing mist starts to gather...
A tengu conjurer simulacrum comes into view.
Aiming: Smiting
Press: ? - help, Dir - move target, f - tengu warrior Smite: a tengu warrior, wielding a +0 great sword and wearing a +0 ring mail (severely wounded, soul bound)
You smite the tengu warrior!!
You kill the tengu warrior!
Beogh accepts your kill.
A freezing mist starts to gather...
A tengu warrior simulacrum comes into view.
A frost giant comes into view.
It is wielding a +3 battleaxe of freezing.
As you read the scroll of fog, it crumbles to dust.
The scroll dissolves into smoke.
Okay, then.
Nothing appears to have answered your call.
You block the tengu warrior simulacrum's attack.
The tengu warrior simulacrum closely misses you.
The tengu warrior simulacrum claws you but does no damage.
The tengu conjurer simulacrum hits you but does no damage.
The tengu conjurer simulacrum pecks you but does no damage.
The tengu conjurer simulacrum claws you but does no damage.
You slice the tengu warrior simulacrum!!
The tengu warrior simulacrum is severely damaged.
You barely miss the tengu conjurer simulacrum.
The tengu warrior simulacrum closely misses you.
The tengu warrior simulacrum pecks you but does no damage.
The tengu warrior simulacrum claws you.
* * * LOW HITPOINT WARNING * * *
The tengu warrior simulacrum freezes you!
You resist.
You die...

#### §§#
#.##.##§#
.....§§@#
####.§ZZ#
#.§§§§
##..##.
#.. ..
#.. ..
#.. ...
#C. ...


You could see a tengu warrior simulacrum and a tengu conjurer simulacrum.

Vanquished Creatures
  An ancient champion (Depths:1)
  A fire giant (Depths:2)
  2 deep elf elementalists (Elf:3)
  3 ghouls (Swamp:4)
  6 very ugly things (Depths:2)
  2 orc warlords
  4 stone giants
  2 deep elf annihilators (Elf:3)
  2 bunyips
  A bunyip (shapeshifter) (Depths:2)
  2 spark wasps (Depths:2)
  The ghost of ChrisAssaf the Cleaver, a journeyman DrFi of the Shining One (Lair:3)
  2 fire dragons (D:15)
  A blizzard demon (Depths:1)
  A merfolk impaler (Depths:2)
  3 ettins
  8 hydras
  2 ice dragons (Depths:2)
  2 hell beasts (Depths:1)
  3 spriggan air magi
  4 alligators
  3 ghost crabs
  A centaur warrior (D:14)
  11 dancing weapons
  5 boulder beetles
  2 two-headed ogres
  3 deep troll earth magi
  4 tengu warriors
  An orc high priest (Orc:2)
  A vampire mage (D:15)
  4 deep elf knights
  Urug (Lair:5)
  10 hell knights
  A skyshark (Lair:2)
  2 skeletal warriors
  3 iron trolls
  2 deep trolls
  3 swamp dragons (Swamp:4)
  7 bog bodies
  A golden dragon skeleton (Depths:1)
  2 orc knights (Orc:2)
  5 necromancers
  A lindwurm (Lair:5)
  Pikel (D:5)
  22 deep elf pyromancers
  6 deep elf archers
  12 deep elf zephyrmancers
  6 cyclopes
  7 ugly things
  10 elephants
  3 orange demons
  Maggie (D:7)
  A black mamba (Lair:1)
  9 cane toads
  3 rime drakes (Lair:5)
  2 efreet (D:14)
  A kobold demonologist (D:14)
  A torpor snail (Lair:5)
  A tengu conjurer (Depths:3)
  11 komodo dragons
  An anaconda simulacrum (Swamp:4)
  2 ice devils
  A polar bear (Lair:3)
  6 trolls
  3 hornets
  2 trolls (shapeshifter)
  A wolf spider simulacrum (D:15)
  5 tyrant leeches
  Grinder (D:3)
  4 saltlings (Orc:2)
  A hornet (shapeshifter) (D:15)
  7 blink frogs
  2 raiju (shapeshifter)
  A dire elephant simulacrum (Swamp:4)
  7 slime creatures
  3 water elementals
  2 spriggans
  2 wyverns
  3 fire elementals
  A wraith (D:9)
  21 yaks
  Eustachio (D:4)
  2 hogs (shapeshifter)
  3 basilisks
  A minotaur simulacrum (Swamp:4)
  8 vampire mosquitoes
  A steam dragon (D:9)
  10 swamp worms
  5 wargs
  An acid dragon (D:10)
  A hell hound (Lair:5)
  Pargi (Sewer)
  A glowing shapeshifter zombie (Depths:1)
  2 water moccasins
  12 orc warriors
  2 swamp drakes (Swamp:4)
  4 sky beasts
  An ice beast (D:6)
  7 wolves
  A tengu (shapeshifter) (D:14)
  5 ogres
  7 centaurs
  2 lemures (D:5)
  3 phantoms
  9 kobold brigands
  7 bullfrogs
  2 earth elementals
  4 gnoll sergeants
  3 scorpions
  7 wights
  A hornet simulacrum (D:15)
  20 killer bees
  2 howler monkeys
  10 jellies
  Crazy Yiuf (D:2)
  7 hounds
  4 orc priests
  Jessica (D:2)
  An iguana (D:7)
  A sleepcap (D:3)
  Ijyb (D:4)
  16 orc wizards
  7 hell rats (Lair:4)
  12 gnolls
  15 adders
  4 white imps
  An ufetubus (D:5)
  5 worms
  4 dart slugs
  29 orcs
  5 bats
  8 endoplasms
  3 giant cockroaches
  10 goblins
  9 hobgoblins
  4 jackals (D:2)
  3 quokkas
  6 ball pythons
  10 frilled lizards
  37 kobolds
  6 rats
655 creatures vanquished.

Vanquished Creatures (collateral kills)
  the Lernaean hydra (Swamp:4)
  Nikola (Swamp:1)
  Rupert (Lair:5)
  A deep elf blademaster (Elf:3)
  A fenstrider witch (Swamp:3)
  2 thorn hunters
  4 deep elf sorcerers
  A deep elf elementalist (Elf:3)
  7 eleionomae
  A deep elf annihilator (Elf:3)
  2 bunyips
  The ghost of foggy the Basher, a journeyman MiFi of the Shining One (Lair:3)
  Snorg (D:11)
  2 ettins (Depths:2)
  2 deep elf death magi (Elf:3)
  A yaktaur captain (D:13)
  13 hydras
  A hell beast (Lair:5)
  4 ghost crabs
  2 two-headed ogres
  A death knight (D:13)
  A catoblepas (D:13)
  An alligator (Swamp:1)
  A centaur warrior (D:13)
  2 boulder beetles (D:14)
  2 dancing weapons (Elf:1)
  A deep troll earth mage (Depths:1)
  2 tengu warriors
  A hell knight (Depths:1)
  2 deep elf knights
  A spriggan (Swamp:2)
  Amaemon (Lair:2)
  An iron troll (Depths:1)
  A glowing orange brain (Depths:1)
  4 goliath frogs
  6 skeletal warriors
  9 swamp dragons
  3 spriggan druids
  3 wizards
  7 bog bodies
  7 deep elf archers
  2 orc knights (Orc:2)
  A necromancer (Depths:1)
  A phantasmal warrior (D:13)
  4 deep elf zephyrmancers
  A manticore (D:11)
  3 orc sorcerers (Orc:2)
  5 deep elf pyromancers
  A will-o-the-wisp (Swamp:2)
  4 ugly things
  A wolf spider (Orc:1)
  A stone giant zombie (Depths:1)
  A salamander (Lair:1)
  2 cyclopes (Orc:2)
  A black mamba (Lair:1)
  6 elephants
  2 cane toads
  A smoke demon (Lair:5)
  An orange demon (Lair:5)
  A torpor snail (Lair:5)
  An unseen horror (D:12)
  A kobold demonologist (D:14)
  A spark wasp simulacrum (Depths:1)
  2 yaktaurs (D:13)
  A tengu conjurer (D:13)
  2 freezing wraiths (D:13)
  A red devil (Lair:5)
  3 komodo dragons
  An anaconda simulacrum (Swamp:4)
  3 trolls
  A hornet (Swamp:2)
  A meliai (Lair:3)
  A tarantella (Orc:1)
  4 tyrant leeches
  4 blink frogs
  3 saltlings (Orc:2)
  A culicivora (shapeshifter) (D:14)
  3 slime creatures (D:12)
  An ettin skeleton (Depths:1)
  2 wraiths (D:12)
  A water elemental (Elf:3)
  An air elemental (Elf:3)
  7 yaks
  2 basilisks (Lair:3)
  2 fire elementals
  8 vampire mosquitoes
  A minotaur simulacrum (Swamp:4)
  2 redbacks (Orc:1)
  A harpy simulacrum (Swamp:4)
  4 hell hounds (Lair:5)
  5 swamp worms
  A sky beast (shapeshifter) (Elf:2)
  4 water moccasins
  9 orc warriors
  6 swamp drakes
  3 ogres (Orc:2)
  6 wolves (Lair:1)
  9 centaurs
  A kobold brigand (D:14)
  A deep troll simulacrum (Swamp:4)
  A lindwurm simulacrum (Swamp:4)
  2 killer bees (Lair:3)
  2 electric eels (Lair:2)
  2 howler monkeys (D:12)
  3 orc priests
  2 orc wizards
  6 orcs
  4 kobolds (D:14)
278 creatures vanquished.

Vanquished Creatures (others)
  An orc warlord (Elf:3)
  A fire giant (Depths:1)
  A bunyip (Swamp:1)
  A deep elf high priest (Elf:1)
  12 orc knights
  2 alligators
  2 deep elf knights (Elf:2)
  A deep elf pyromancer (Elf:1)
  A deep elf zephyrmancer (Elf:3)
  4 orc sorcerers
  An unseen horror (D:11)
  A bloated husk (Swamp:1)
  18 orc warriors
  7 orc priests
  8 orc wizards
  24 orcs
  6 foxfires (Swamp:2)
91 creatures vanquished.

Grand Total: 1024 creatures vanquished

Notes
Turn   | Place    | Note
-------+----------+-------------------------------------------
     0 | D:1      | BONEBRO the Hill Orc Fighter began the quest for the Orb.
     0 | D:1      | Reached XP level 1. HP: 19/19 MP: 1/1
   193 | D:1      | Reached XP level 2. HP: 26/26 MP: 2/2
   238 | D:1      | Found Soxuky's Weapon Boutique.
   722 | D:2      | Reached XP level 3. HP: 31/31 MP: 3/3
   760 | D:2      | Reached skill level 5 in Axes
  1018 | D:2      | Reached XP level 4. HP: 34/39 MP: 4/4
  1088 | D:2      | Found the +10 tower shield of Ignorance {rN+ Int-4}
  1125 | D:2      | Noticed Jessica
  1137 | D:2      | Killed Jessica
  1218 | D:2      | Found a faded altar of an unknown god.
  1312 | D:2      | Found a runed translucent door.
  1313 | D:2      | Noticed Crazy Yiuf
  1695 | D:2      | Killed Crazy Yiuf
  1696 | D:2      | Reached XP level 5. HP: 10/45 MP: 5/5
  1989 | D:3      | Found a shadowy altar of Dithmenos.
  2038 | D:3      | Found a glowing drain.
  2065 | Sewer    | Entered a sewer
  2106 | Sewer    | Noticed Pargi
  2115 | Sewer    | Killed Pargi
  2116 | Sewer    | Reached XP level 6. HP: 43/51 MP: 6/6
  2524 | D:3      | Found a glowing golden altar of the Shining One.
  2525 | D:3      | Found a white marble altar of Elyvilon.
  2526 | D:3      | Found a glowing silver altar of Zin.
  2603 | D:3      | Noticed Grinder
  2619 | D:3      | Paralysed by Grinder for 5 turns
  2625 | D:3      | Killed Grinder
  2626 | D:3      | Reached skill level 10 in Axes
  2626 | D:3      | Reached XP level 7. HP: 57/57 MP: 7/7
  2978 | D:4      | Found a staircase to the Ecumenical Temple.
  3074 | D:4      | Noticed Ijyb
  3086 | D:4      | Killed Ijyb
  3198 | D:4      | Found a stormy altar of Qazlal.
  3327 | D:4      | Noticed Eustachio
  3339 | D:4      | Killed Eustachio
  3340 | D:4      | Reached XP level 8. HP: 64/64 MP: 8/8
  3356 | D:5      | Entered Level 5 of the Dungeon
  3862 | D:5      | Noticed Pikel
  3879 | D:5      | Killed Pikel
  3934 | D:5      | Found a sparkling altar of Nemelex Xobeh.
  3989 | D:5      | Reached XP level 9. HP: 70/70 MP: 9/9
  4236 | D:6      | Reached skill level 15 in Axes
  4689 | D:6      | Became a worshipper of Beogh the Brigand
  5299 | D:7      | Reached skill level 4 in Armour
  5307 | D:7      | Noticed Maggie
  5334 | D:7      | Killed Maggie
  5335 | D:7      | Reached skill level 5 in Shields
  5662 | D:7      | Reached skill level 5 in Armour
  5851 | D:7      | Found a hide-covered altar of Uskayaw.
  5988 | D:7      | Reached * piety under Beogh
  5989 | D:7      | Reached XP level 10. HP: 77/77 MP: 10/10
  6283 | D:8      | Reached skill level 6 in Armour
  6364 | D:8      | Found Kutonnou's Distillery.
  6401 | D:8      | Found a flagged portal.
  6407 | Bailey   | Entered a bailey
  6417 | Bailey   | Noticed an orc warlord
  6526 | Bailey   | Found a runed translucent gate.
  6528 | Bailey   | Found a runed translucent gate.
  6530 | Bailey   | Found a runed translucent gate.
  6752 | Bailey   | Killed an orc warlord
  6753 | Bailey   | Reached skill level 7 in Armour
  7082 | D:8      | Noticed a boulder beetle
  7121 | D:8      | Killed a boulder beetle
  7386 | D:8      | Found a shimmering blue altar of Sif Muna.
  7478 | D:9      | Reached skill level 8 in Armour
  7485 | D:9      | Reached ** piety under Beogh
  7492 | D:9      | Reached skill level 9 in Armour
  7492 | D:9      | Reached XP level 11. HP: 74/82 MP: 11/11
  7534 | D:9      | Noticed a cyclops
  7542 | D:9      | Killed a cyclops
  7774 | D:9      | Reached skill level 10 in Armour
  7785 | D:9      | Reached skill level 10 in Shields
  8499 | D:10     | Entered Level 10 of the Dungeon
  8595 | D:10     | Reached *** piety under Beogh
  8610 | D:10     | Reached skill level 13 in Armour
  8610 | D:10     | Reached XP level 12. HP: 90/90 MP: 12/12
  8611 | D:10     | Reached skill level 16 in Armour
  8611 | D:10     | Reached XP level 13. HP: 95/95 MP: 13/13
  8778 | D:10     | Reached skill level 1 in Evocations
  9459 | D:11     | Found a staircase to the Lair.
  9753 | D:11     | Noticed Snorg
  9763 | D:11     | Killed Snorg
  9842 | D:11     | Found a staircase to the Orcish Mines.
  9847 | D:11     | Reached skill level 17 in Armour
  9851 | D:11     | Gained Berold as an ally
  9863 | D:11     | Reached **** piety under Beogh
 10449 | Orc:1    | Entered Level 1 of the Orcish Mines
 10449 | Orc:1    | Found Ycrovew's Assorted Antiques.
 10957 | Orc:1    | Reached skill level 5 in Invocations
 11499 | Orc:2    | Entered Level 2 of the Orcish Mines
 11565 | Orc:2    | Noticed an ettin
 11568 | Orc:2    | Killed an ettin
 11622 | Orc:2    | Found a staircase to the Elven Halls.
 11787 | Orc:2    | Your ally Berold died
 11982 | Orc:2    | Gained Marbaugh as an ally
 11983 | Orc:2    | Reached XP level 14. HP: 97/102 MP: 18/20
 12041 | Orc:2    | Noticed a stone giant
 12050 | Orc:2    | Killed a stone giant
 12053 | Orc:2    | Gained Dorog as an ally
 12058 | Orc:2    | Gained Wargath as an ally
 12302 | Orc:2    | Found Kotsumom's Magic Scroll Shoppe.
 12307 | Orc:2    | Bought a scroll of enchant weapon for 112 gold pieces
 12307 | Orc:2    | Bought a scroll of identify for 30 gold pieces
 12307 | Orc:2    | Bought a scroll of identify for 30 gold pieces
 12327 | Orc:2    | Noticed an orc warlord
 12329 | Orc:2    | Found Vecveagg's Antique Armour Boutique.
 12332 | Orc:2    | Reached ***** piety under Beogh
 12341 | Orc:2    | Killed an orc warlord
 12342 | Orc:2    | Reached skill level 10 in Invocations
 12358 | Orc:2    | Found Ybace's Weapon Boutique.
 12456 | Orc:2    | Found a roughly hewn altar of Beogh.
 12583 | Orc:2    | Found Vieteack's Magic Scroll Shop.
 12614 | Orc:2    | Bought a scroll of identify for 22 gold pieces
 12614 | Orc:2    | Bought a scroll of enchant weapon for 82 gold pieces
 13144 | D:12     | Reached skill level 18 in Armour
 13339 | D:12     | Your ally Dorog died
 13465 | D:12     | Gained Arbolt as an ally
 14242 | D:13     | Found a gate to the Vaults.
 14283 | D:13     | Reached skill level 19 in Armour
 15125 | D:14     | Found a shimmering blue altar of Sif Muna.
 15556 | D:14     | Reached skill level 20 in Armour
 15715 | D:14     | Your ally Arbolt died
 15729 | D:14     | Gained Oreg as an ally
 16095 | Lair:1   | Entered Level 1 of the Lair of Beasts
 16126 | Lair:1   | Found a dark tunnel.
 16138 | Lair:1   | Reached XP level 15. HP: 86/107 MP: 22/22
 16686 | Lair:1   | Reached ****** piety under Beogh
 17347 | Lair:2   | Noticed Amaemon
 17354 | Lair:2   | Killed Amaemon
 17981 | Lair:3   | Found a hole to the Spider Nest.
 17996 | Lair:3   | Found a shimmering altar of Xom.
 18037 | Lair:3   | Found a staircase to the Swamp.
 18116 | Lair:3   | Reached skill level 21 in Armour
 18116 | Lair:3   | You fall into a shaft and drop 2 floors!
 18116 | Lair:5   | Entered Level 5 of the Lair of Beasts
 18246 | Lair:4   | Gained Thorok as an ally
 18257 | Lair:4   | Gained Wardok as an ally
 18260 | Lair:4   | Your ally Thorok died
 18274 | Lair:4   | Your ally Wardok died
 18523 | Lair:4   | Found a viscous altar of Jiyva.
 18524 | Lair:4   | Found a staircase to the Slime Pits.
 18676 | Lair:4   | Identified the +5 short sword "Renits" {flame, Dex+2}
 19430 | Lair:3   | Found a runed translucent gate.
 19430 | Lair:3   | Found a runed translucent gate.
 19430 | Lair:3   | Found a runed translucent gate.
 19434 | Lair:3   | Noticed foggy's ghost (journeyman MiFi)
 19434 | Lair:3   | Noticed ChrisAssaf's ghost (journeyman DrFi)
 19752 | Lair:3   | Killed foggy's ghost
 19753 | Lair:3   | Killed ChrisAssaf's ghost
 19754 | Lair:3   | Reached skill level 22 in Armour
 19863 | Lair:3   | Got Sif Muna's Almanac of Mutagenic Leadership
 19938 | Lair:5   | Noticed Rupert
 19949 | Lair:5   | Killed Rupert
 20157 | Lair:5   | Noticed Urug
 20163 | Lair:5   | Killed Urug
 20265 | Lair:5   | Gained Norbak as an ally
 20600 | Lair:5   | Found a burning altar of Makhleb.
 20636 | Lair:5   | Found a gateway to Hell.
 20897 | Swamp:1  | Entered Level 1 of the Swamp
 22146 | Swamp:1  | Reached skill level 23 in Armour
 22160 | Swamp:1  | Noticed Nikola
 22174 | Swamp:1  | Your ally Norbak died
 22176 | Swamp:1  | Killed Nikola
 22315 | Swamp:1  | Found a shimmering blue altar of Sif Muna.
 22553 | Swamp:1  | Reached XP level 16. HP: 42/115 MP: 23/23
 23185 | Swamp:2  | Identified the +0 scale mail of Gaxka {Will+ Str-3 Int+2}
 23499 | Swamp:2  | Found the +2 shield of Resistance {rF++ rC++ Will++}
 23938 | Swamp:3  | Noticed a fenstrider witch
 23944 | Swamp:3  | Killed a fenstrider witch
 24099 | Swamp:3  | Reached skill level 24 in Armour
 24251 | Swamp:3  | Your ally Wargath died
 24360 | Swamp:3  | Noticed a thorn hunter
 24363 | Swamp:3  | Killed a thorn hunter
 24672 | Swamp:3  | Identified 2 scrolls of acquirement
 24673 | Swamp:3  | Acquired 967 gold pieces
 24674 | Swamp:3  | Acquired 498 gold pieces
 25196 | Swamp:4  | Entered Level 4 of the Swamp
 25257 | Swamp:4  | Identified the +11 long sword "Miseffoj" {flame, Stlth+}
 25259 | Swamp:4  | Noticed a thorn hunter
 25271 | Swamp:4  | Killed a thorn hunter
 25659 | Swamp:4  | Reached skill level 25 in Armour
 25987 | Swamp:4  | Found a frozen archway.
 26308 | Swamp:4  | Noticed the 27-headed Lernaean hydra
 26315 | Swamp:4  | Killed the 26-headed Lernaean hydra
 26318 | Swamp:4  | Reached XP level 17. HP: 27/121 MP: 24/24
 26642 | Swamp:4  | Got a decaying rune of Zot
 27724 | Elf:1    | Entered Level 1 of the Elven Halls
 27764 | Elf:1    | Reached skill level 5 in Fighting
 27863 | Elf:1    | Gained Arkwar as an ally
 28301 | Elf:1    | Your ally Arkwar died
 29229 | Elf:2    | Acquired 596 gold pieces
 29309 | Elf:2    | Reached skill level 10 in Fighting
 30096 | Elf:2    | Found a runed translucent gate.
 30097 | Elf:2    | Found a runed translucent gate.
 30097 | Elf:2    | Found a runed translucent gate.
 30206 | Elf:2    | Noticed a deep elf blademaster
 30527 | Elf:3    | Entered Level 3 of the Elven Halls
 30550 | Elf:3    | Gained Harm as an ally
 30913 | Elf:3    | Noticed a deep elf blademaster
 30916 | Elf:3    | Noticed a deep elf master archer
 30935 | Elf:3    | Your ally Marbaugh died
 31176 | Elf:3    | Killed a deep elf blademaster
 31187 | Elf:3    | Your ally Oreg died
 31194 | Elf:3    | Your ally Harm died
 31519 | Elf:3    | Noticed an Executioner
 32144 | D:15     | Entered Level 15 of the Dungeon
 32646 | D:15     | Found a staircase to the Depths.
 33259 | Depths:1 | Entered Level 1 of the Depths
 33281 | D:15     | Gained Olfrun as an ally
 33294 | Depths:1 | Reached XP level 18. HP: 146/152 MP: 25/25
 33309 | Depths:1 | Your ally Olfrun died
 33422 | Depths:1 | Found a sacrificial altar of Ru.
 33526 | Depths:1 | Gained Zorug as an ally
 33747 | Depths:1 | Found Lafidag's General Store.
 34237 | Depths:1 | Found a one-way gate to the infinite horrors of the Abyss.
 34547 | Depths:2 | Found a one-way gate leading to the halls of Pandemonium.
 34819 | Depths:2 | Noticed a juggernaut
 34837 | Depths:2 | Your ally Zorug died
 35126 | Depths:2 | Noticed a juggernaut
 35892 | Depths:3 | HP: 3/161 [tengu conjurer/bolt of lightning (9)]
 35893 | Depths:3 | HP: 1/161 [tengu conjurer/+2 war axe of freezing (3)]
 35898 | Depths:3 | HP: 2/161 [tengu warrior simulacrum (1)]
 35898 | Depths:3 | Mangled by a tengu warrior simulacrum

Illustrated notes

Levels and vault maps discovered:
D:1:      dpeg_arrival_windows_large_door, layout_loops_ring, serial_shops,
          nicolae_shop_bloodbath_and_beyond, hangedman_decor_slide_cut
D:2:      kennysheep_six_static_rooms, layout_basic,
          hellmonk_ecumenical_altar_heavens_door, kennysheep_boxes,
          uniq_jessica, uniq_crazy_yiuf_cottage
D:3:      layout_rooms, dreamdust_divine_triumvirate,
          mainiacjoe_overflow_small_starburst, cheibrodos_sewer_entry_bend,
          moated_statue, uniq_grinder
D:4:      layout_loops_cross, grunt_qazlal_clouds, minmay_temple_entry_slanted,
          uniq_eustachio, uniq_ijyb
D:5:      layout_loops_ring, nemelex_spade_bored_becter, uniq_pikel
D:6:      layout_layer_cave, grunt_ministairs_8
D:7:      mumra_celtic_spiral_tile, layout_cave_pools,
          nicolae_overflow_crystal_walls, uniq_maggie
D:8:      layout_cave_pools, mainiacjoe_overflow_six_doors_small,
          enter_bailey_3, nicolae_stop_n_shop_2
D:9:      layout_long_grid
D:10:     layout_grid_maze, minmay_diced_spiral
D:11:     layout_big_octagon, erik_lair_orcish_takeover,
          kennysheep_orc_monster_closet_entryway, hangedman_decor_riveting,
          kennysheep_opposing_triangles, uniq_snorg
D:12:     layout_loops_ring
D:13:     layout_cave_pools, david_vaults_2, minmay_misc_feat_four_crosses,
          item_on_display_a
D:14:     layout_loops_corners, reono_crystal_passage, led_sif_pool
D:15:     grunt_enter_depths_hoard, layout_loops_cross, nicolae_hexahallways
Lair:1:   layout_gridlike, nicolae_volcano_entry_hallway
Lair:2:   layout_small_grid, nicolae_quartered_pool_super,
          chequers_serial_rivers_micro_d, uniq_amaemon
Lair:3:   layout_regular_city, minmay_swamp_entry_worms,
          hellmonk_spider_entry_not_the_bees, gammafunk_ghost_cemetery,
          basic_altar, grunt_megastairs_4
Lair:4:   layout_cave_shapes, nicolae_slime_entry_slimehenge,
          infiniplex_staircase_pool_2, grunt_megastairs_2
Lair:5:   evil_forest, layout_misc_corridors, uniq_urug, uniq_rupert
Swamp:1:  layout_falls_marsh, nicolae_swamp_godswood, uniq_nikola
Swamp:2:  layout_basic_swamp, evilmike_swamp_ruin_house_2
Swamp:3:  layout_basic_swamp, evilmike_swamp_ruin_rubble_2,
          infiniplex_staircase_pool
Swamp:4:  grunt_swamp_rune_castle, layout_basic_swamp,
          portal_ice_cave_entry_ice_simulacra, swamp_pool2
Orc:1:    nicolae_orc_accident_3, layout_caves, serial_shops, shop,
          dreamdust_deal_with_the_devil
Orc:2:    hellmonk_orc_salted, layout_caves
Elf:1:    layout_gridlike, kennysheep_underground_church
Elf:2:    nicolae_elf_blades_crystal_corner, layout_rooms, unseen_surprise_small
Elf:3:    minmay_elf_hall_x, layout_loops_cross, columned_hall_lemuel,
          dreamdust_princess_bridge, minmay_crystal_room, st_stairs_10
Depths:1: layout_forbidden_donut, serial_shops, shop,
          abyss_entry_small_statue_room, grunt_mini_vestibule,
          nicolae_ru_awakened_eye, kennysheep_donut, kennysheep_generic_room_5
Depths:2: grunt_twisty_corner, layout_cave_pools, serial_sigils,
          serial_sigils_hangedman_etch, serial_sigils_hangedman_snap,
          serial_sigils_hangedman_clutch, serial_sigils_hangedman_stare,
          serial_sigils_hangedman_quiver, chequers_decorated_corner,
          pf_coc_iceberg, rand_demon_pan_entry_1
Depths:3: minmay_eight_partial_circles, layout_basic, enter_ziggurat_d,
          chequers_serial_rivers_small_3, hell_entry, abyss_entry,
          nicolae_dithmenos_the_darkroom, serial_bayou_shore_a

Skill      XL: |  1  2  3  4  5  6  7  8  9 10 11 12 13 14 15 16 17 18 |
---------------+-------------------------------------------------------+-----
Axes           | 3 4 5 7 8 10 11 14 16 | 16.0
Shields        | 5 8 10 12 14 | 14.8
Armour         | 5 9 13 16 17 20 23 25 | 25.7
Evocations     | 3 |  3.0
Invocations    | 8 10 | 10.0
Fighting       | 11 14 | 14.4

Action                     |  1- 3 |  4- 6 |  7- 9 | 10-12 | 13-15 | 16-18 || total
---------------------------+-------+-------+-------+-------+-------+-------++-------
  Melee: War axe           |    79 |    99 |   260 |   224 |   820 |  1019 ||  2501
 Invoke: Convert to Beogh  |       |       |     1 |       |       |       ||     1
         Smiting           |       |       |       |       |     2 |    32 ||    34
         Recall Orcish Fol |       |       |       |       |       |     2 ||     2
  Evoke: Wand              |       |       |       |       |     1 |     2 ||     3
         Lightning rod     |       |       |       |       |       |     1 ||     1
    Use: Potion            |       |     1 |       |     8 |    12 |    15 ||    36
         Scroll            |       |     4 |     4 |     8 |    10 |    42 ||    68
   Stab: Distracted        |       |       |       |       |    15 |     9 ||    24
         Confused          |       |       |       |       |     1 |       ||     1
         Paralysed         |       |       |       |       |     4 |       ||     4
         Invisible         |       |       |       |       |       |     1 ||     1
 Armour: Scale mail        |    40 |    19 |       |       |       |       ||    59
         Plate armour      |       |     8 |    47 |    32 |   223 |   295 ||   605
         Swamp dragon scal |       |       |       |       |    31 |   250 ||   281
  Dodge: Dodged            |    39 |    18 |    14 |    22 |   154 |   355 ||   602
  Block: Buckler           |    18 |     3 |       |       |       |       ||    21
         Tower shield      |       |    90 |   198 |   191 |   931 |   361 ||  1771
         Kite shield       |       |       |       |       |       |   388 ||   388
